 Dungeon Crawl Stone Soup version 0.24.0-2-g5b39cebb1c (console) character file.

Game seed: 15791826666131558094, levelgen mode: deterministic

102 AlterAsc the Gusty (level 4, -8/26 HPs)
             Began as a Tengu Air Elementalist on Oct 29, 2019.
             Killed by divine providence
             ... invoked by an orc priest
              (10 damage)
             ... on level 3 of the Dungeon.
             The game lasted 00:11:18 (2887 turns).

AlterAsc the Gusty (Tengu Air Elementalist)         Turns: 2887, Time: 00:11:19

Health: -8/26      AC:  7    Str:  9    XL:     4   Next: 78%
Magic:  8/8        EV:  6    Int: 16    God:
Gold:   111        SH:  9    Dex: 14    Spells: 6/7 levels left

rFire    . . .     SeeInvis .   j - +0 short sword
rCold    . . .     Gourm    .   t - +2 shield
rNeg     . . .     Faith    .   x - +0 scale mail
rPois    .         Spirit   .   (helmet restricted)
rElec    .         Reflect  .   (no cloak)
rCorr    .         Harm     .   e - +0 pair of gloves
MR       .....                  (boots unavailable)
Stlth    +.........             v - amulet of magic regeneration
HPRegen  0.08/turn              (no ring)
MPRegen  0.36/turn              (no ring)

@: lethally poisoned (-8 -> -10)
A: beak, talons 3
a: no special abilities


You were on level 3 of the Dungeon.
You were hungry.

You visited 1 branch of the dungeon, and saw 3 of its levels.

You collected 111 gold pieces.

Inventory:

Hand Weapons
 g - a +0 club
 i - a +0 dagger
 j - a +0 short sword (weapon)
 r - a +0 short sword
Armour
 a - a +0 robe
 d - a +0 large shield of protection
 e - a +0 pair of gloves (worn)
 f - a +0 ring mail
 h - a +0 leather armour
 t - a +2 shield (worn)
 x - a +0 scale mail (worn)
Jewellery
 v - an amulet of magic regeneration (around neck)
Scrolls
 l - 4 scrolls of identify {unknown}
 m - a scroll of remove curse {unknown}
 q - a scroll of amnesia {unknown}
 u - a scroll of random uselessness {unknown}
 w - a scroll of enchant armour {unknown}
Potions
 b - a potion of magic {unknown}
 k - a potion of degeneration {unknown}
 n - a potion of mutation {unknown}
 o - a potion of curing {unknown}
 p - a potion of might {unknown}
 s - a potion of haste {unknown}
Comestibles
 c - a ration


   Skills:
 + Level 1.7 Fighting
 + Level 2.0 Armour
 + Level 3.1 Dodging
 - Level 2.0 Stealth
 + Level 1.7 Shields
 - Level 2.0 Spellcasting
 - Level 1.5 Conjurations
 - Level 4.0 Air Magic


You had 6 spell levels left.
You knew the following spells:

 Your Spells              Type           Power        Failure   Level  Hunger
a - Shock                 Conj/Air       ##..         96%         1    #......

Your spell library contained the following spells:

 Spells                   Type           Power        Failure   Level  Hunger
 Swiftness                Chrm/Air       #.......     99%         2    ###....
 Static Discharge         Conj/Air       ##......     100%        3    ###....
 Airstrike                Air            ##........   100%        4    #####..
 Lightning Bolt           Conj/Air       ##........   100%        5    ######.


Dungeon Overview and Level Annotations

Branches:
Dungeon (3/15)

Altars:
Elyvilon
Vehumet
Yredelemnul


Innate Abilities, Weirdness & Mutations

You have a beak for a mouth.
You have claws for feet.


Message History

You feel sick.
* * * LOW HITPOINT WARNING * * *
You feel sick. You block the adder's attack.
* * * LOW HITPOINT WARNING * * *
You feel sick. The adder barely misses you.
* * * LOW HITPOINT WARNING * * *
You feel sick. The adder bites you but does no damage.
* * * LOW HITPOINT WARNING * * *
You feel sick. The adder bites you but does no damage.
* * * LOW HITPOINT WARNING * * *
You feel sick. The adder bites you but does no damage.
* * * LOW HITPOINT WARNING * * *
You feel sick.
The orc priest mumbles some strange prayers to Beogh against you.
Beogh smites you!
You die...

#####S########...###.##.g.......
### #.# #o..# ##%##........ ..##
#.# #...# ##.#..####.# #..# #S#
#.S.# ##.....# # ##.# #.# ##.##
##.##w##.# #..###o# #o#
#.......# ..oS...# #S#
######w#### ...#####
#.######...##....# ...##########
##@##.....#.#####.g
#####.......# #.#.........# ##w
#.#####.###..##.##.#.## #.
#.##.....##..##.##...# #.
#.##.#..........##..## #.
#........###.#####..# ###)
#.......## #..(w÷...# #...
#.##.##.####.####..>######.#.
#.##.##.##.....###...g.......


You could see an orc priest, an adder, an orc and a ball python.

Vanquished Creatures
  3 gnolls
  An adder (D:2)
  A worm (D:2)
  2 dart slugs (D:3)
  2 leopard geckos (D:2)
  4 orcs (D:3)
  A ball python (D:1)
  6 bats
  2 giant cockroaches (D:2)
  4 goblins
  A hobgoblin (D:1)
  A quokka (D:2)
  4 frilled lizards
  14 kobolds
  7 rats
53 creatures vanquished.

Notes
Turn   | Place    | Note
-------+----------+-------------------------------------------
     0 | D:1      | AlterAsc the Tengu Air Elementalist began the quest for the
                  | Orb.
     0 | D:1      | Reached XP level 1. HP: 10/10 MP: 4/4
   287 | D:1      | Reached XP level 2. HP: 2/16 MP: 6/6
  1197 | D:2      | Reached skill level 1 in Fighting
  1197 | D:2      | Reached skill level 1 in Armour
  1197 | D:2      | Reached skill level 1 in Shields
  1197 | D:2      | Reached XP level 3. HP: 8/20 MP: 7/7
  1480 | D:2      | Found a basalt altar of Yredelemnul.
  1929 | D:3      | Found a white marble altar of Elyvilon.
  1957 | D:3      | Reached XP level 4. HP: 15/25 MP: 8/8
  2011 | D:3      | Found a radiant altar of Vehumet.
  2887 | D:3      | Killed from afar by an orc priest

Levels and vault maps discovered:
D:1:      lemuel_arrival_rhombus, layout_loops_ring
D:2:      layout_basic, yredelemnul_altar_generic, minivault_26
D:3:      layout_loops_cross, old_standard_altar, elyvilon_altar_4,
          lemuel_coloured_pillars_altar

Skill      XL: |  1  2  3  4 |
---------------+-------------+-----
Fighting       | 1 |  1.7
Armour         | 1 2 |  2.0
Shields        | 1 |  1.7
Dodging        | 3 |  3.1
Stealth        | |  2.0
Spellcasting   | |  2.0
Conjurations   | |  1.5
Air Magic      | |  4.0

Action                   |  1- 3 |  4- 6 || total
-------------------------+-------+-------++-------
Melee: Unarmed           |    23 |       ||    23
       Club              |    76 |       ||    76
       Kick              |    30 |    13 ||    43
       Peck              |    17 |     7 ||    24
       Short sword       |    61 |    59 ||   120
 Cast: Shock             |     1 |       ||     1
 Stab: Sleeping          |     3 |       ||     3
  Eat: Chunk             |     3 |     3 ||     6
Armor: Robe              |    25 |       ||    25
       Leather armour    |    21 |       ||    21
       Ring mail         |    28 |       ||    28
       Scale mail        |       |    23 ||    23
Dodge: Dodged            |    44 |     9 ||    53
Block: Large shield      |   102 |       ||   102
       Shield            |     5 |    30 ||    35
